 Dungeon Crawl Stone Soup version 0.31.0-32-g396128a36d (webtiles) character file.

Game seed: 8736978233230589314

623 kMk the Changeling (level 7, -2/41 HPs)
             Began as an Octopode Shapeshifter on Mar 15, 2024.
             Slain by a gnoll sergeant
             ... wielding a +0 spear
              (7 damage)
             ... on level 5 of the Dungeon.
             The game lasted 00:10:04 (5381 turns).

kMk the Changeling (Octopode Shapeshifter)          Turns: 5381, Time: 00:10:06

Health: -2/41      AC:  1    Str: 15    XL:     7   Next: 47%
Magic:  7/7        EV: 17    Int: 13    God:
Gold:   242        SH:  0    Dex: 11    Spells: 6/6 levels left

rFire   . .          .
                       - Unarmed
rCold   . . .        (shield currently unavailable)
rNeg    + . .        (helmet restricted)
rPois   .            (no amulet)
rElec   .            N - ring of positive energy
rCorr   .            (no ring)
SInv    .            (no ring)
Will    .....        (no ring)
Stlth   ++           (no ring)
HPRegen 0.26/turn    (no ring)
MPRegen 0.10/turn    (no ring)
                     (no ring)

%: no passive effects
@: flux-form, glowing
A: glow, contaminating, reduced hp, almost no armour, amphibious, 8 rings,
camouflage 1, gelatinous body 1, (nimble swimmer 1), tentacles
a: Begin Untransformation


You were on level 5 of the Dungeon.
You were something dangerously unstable.
You visited 1 branch of the dungeon, and saw 5 of its levels.
You also visited: Sewer.

You collected 268 gold pieces.
You spent 26 gold pieces at shops.


Innate Abilities, Weirdness & Mutations

You are something dangerously unstable.
You glow with magical radiation, making you easy to see and hit.
Foes you strike become dangerously contaminated with magical radiation.
Your maximum health is decreased, since you lack skill for your form.
You are incapable of wielding weapons or throwing items.
You cannot wear most types of armour.
You are amphibious.
You can wear up to eight rings at the same time.
Your skin changes colour to match your surroundings (Stealth+).
Your rubbery body absorbs attacks. (AC +1, EV +1)
((You are camouflaged when in or above water. (Stealth+)))
You have tentacles for arms and can constrict up to eight enemies at once.


   Skills:
 - Level 1.0 Fighting
 + Level 3.0 Dodging
 - Level 5.0 Stealth
 - Level 3.0 Unarmed Combat
 + Level 6.7 Shapeshifting


You had 6 spell levels left.
You didn't know any spells.
Your spell library contained the following spells:

 Spells                   Type           Power      Damage    Failure   Level
 Sandblast                Erth           0%         2d4       30%         1
 Sublimation of Blood     Necr           0%         N/A       43%         2
 Passwall                 Erth           0%         N/A       67%         3
 Stone Arrow              Conj/Erth      0%         3d7       67%         3
 Volatile Blastmotes      Fire/Tloc      0%         2d10      67%         3
 Brom's Barrelling Bould  Conj/Erth      0%         2d3       97%         4
 Fulminant Prism          Conj/Alch      0%         3d5       97%         4
 Iskenderun's Mystic Bla  Conj/Tloc      0%         2d3       97%         4
 Petrify                  Alch/Erth      0%         N/A       97%         4
 Irradiate                Conj/Alch      0%         3d11      100%        5
 Haunt                    Necr/Summ      0%         N/A       100%        7
 Borgnjor's Revivificati  Necr           0%         N/A       100%        8
 Death's Door             Necr           0%         N/A       100%        9

Inventory:

Missiles
 a - 5 poisoned darts
 e - 41 stones
 m - 5 javelins
 o - a throwing net {=f}
 x - a boomerang
Jewellery
 N - a ring of positive energy (left tentacle)
Talismans
 b - a beast talisman
 c - a flux talisman (active)
Wands
 n - a wand of mindburst (7) (quivered)
Scrolls
 h - 4 scrolls of vulnerability
 k - a scroll of enchant weapon
 l - 2 scrolls of noise
 p - a scroll of blinking
 q - 2 scrolls of enchant armour {unknown}
 s - a scroll of fog
 t - a scroll of acquirement {unknown}
 v - 3 scrolls of amnesia {unknown}
 w - a scroll of identify {@r1}
Potions
 d - a potion of heal wounds {unknown}
 f - 2 potions of enlightenment
 g - a potion of ambrosia
 i - a potion of curing {@q1}
 j - a potion of invisibility {unknown}
 r - a potion of resistance {unknown}
 u - 2 potions of might

Dungeon Overview and Level Annotations

Branches:
Dungeon (5/15)             Temple (0/1) D:5           Sewer (visited)

Altars:
Vehumet

Shops:
D:1 ::[?   D:3 !

Annotations:
D:2 Sigmund
D:4 1 runed translucent door, Crazy Yiuf, Grinder

▒~▒.....▒~▒..###
▒~~~~g~~~~▒....##
▒▒▒...$.▒▒▒.....#
.................#
##+#####.........#
#......>..#
#.........# ####
#g........# .<.#
#####+#####p........#
...#
#..........########.#
...# #..........# #
...# #..........#
...# #..........#
...# #..........#
...###..........#
...'............#
...###..........#


You could see a gnoll sergeant (heavy contam).


Message History

You feel better.
You constrict the gnoll.
The gnoll sergeant hits you from afar with a +0 spear.
* * * LOW HITPOINT WARNING * * *
The gnoll hits you with a +0 flail.
* * * LOW HITPOINT WARNING * * *
You tentacle-slap the gnoll but do no damage.
The gnoll shudders as magic cascades through it!
You kill the gnoll!
The gnoll sergeant misses you.
Your Dodging skill increases to level 3!
The gnoll sergeant hits you with a +0 spear!
* * * LOW HITPOINT WARNING * * *
Items here: ))) †.
You feel better. The gnoll sergeant misses you.
Unknown command.
You barely miss the gnoll sergeant. Your grab misses the gnoll sergeant.
Your squeeze misses the gnoll sergeant. The gnoll sergeant misses you.
You tentacle-slap the gnoll sergeant but do no damage.
The gnoll sergeant begins to glow.
You grab the gnoll sergeant. The gnoll sergeant blocks your attack.
You constrict the gnoll sergeant, but do no damage.
The gnoll sergeant hits you with a +0 spear.
* * * LOW HITPOINT WARNING * * *
You tentacle-slap the gnoll sergeant.
The gnoll sergeant glows dangerously bright.
You squeeze the gnoll sergeant.
The gnoll sergeant is moderately wounded.
You constrict the gnoll sergeant, but do no damage.
The gnoll sergeant hits you with a +0 spear!
You die...

Skill      XL: |  1  2  3  4  5  6  7 |
---------------+----------------------+-----
Stealth        | 2 3 5 |  5.0
Shapeshifting  | 4 5 6 |  6.7
Dodging        | 3 |  3.0
Fighting       | |  1.0
Unarmed Combat | |  3.0

Action                     |  1- 3 |  4- 6 |  7- 9 || total
---------------------------+-------+-------+-------++-------
  Melee: Unarmed           |    58 |   122 |    64 ||   244
         Constrict         |    14 |    27 |    23 ||    64
         Tentacles         |    10 |    19 |    17 ||    46
         Punch             |       |     2 |       ||     2
  Throw: Stone             |       |     1 |       ||     1
  Evoke: Wand              |       |     7 |       ||     7
    Use: Scroll            |     1 |     8 |     1 ||    10
         Potion            |       |     1 |     2 ||     3
   Stab: Sleeping          |     9 |    12 |     4 ||    25
         Distracted        |       |     1 |       ||     1
 Armour: Skin              |    10 |    44 |    23 ||    77
  Dodge: Dodged            |    21 |    61 |    39 ||   121
   Form: Flux              |       |       |     1 ||     1

Levels and vault maps discovered:
D:1:      saegor_arrival_simple_d, layout_basic, serial_shops, shop, shop,
          nicolae_square_shop, shop, chequers_ecumenical_altar_simple
D:2:      layout_basic, uniq_sigmund
D:3:      layout_loops_ring, lightli_sewer_entry_pipes, serial_shops, shop,
          grunt_decor_cap
D:4:      layout_loops_ring, uniq_crazy_yiuf_cottage, uniq_grinder
D:5:      layout_basic, nicolae_vehumet_radiance,
          minmay_temple_entry_water_ring, nicolae_titane

Notes
Turn   | Place    | Note
-------+----------+-------------------------------------------
     0 | D:1      | kMk the Octopode Shapeshifter began the quest for the Orb.
     0 | D:1      | Reached XP level 1. HP: 13/13 MP: 1/1
    19 | D:1      | Found Borghox's Antique Armour Shop.
    20 | D:1      | Found Miunul's Magic Scroll Emporium.
    39 | D:1      | Reached skill level 2 in Stealth
    39 | D:1      | Reached XP level 2. HP: 11/18 MP: 2/2
    82 | D:1      | Reached skill level 3 in Stealth
   276 | D:1      | Found a faded altar of an unknown god.
   300 | D:1      | Found Epuemaur's Book Shop.
   324 | D:1      | Found Zuim Umini's Book Shop.
   337 | D:1      | Reached XP level 3. HP: 23/23 MP: 3/3
   356 | D:1      | Reached skill level 4 in Stealth
   805 | D:1      | Bought a scroll of identify for 26 gold pieces
   923 | D:2      | Reached skill level 5 in Stealth
   962 | D:2      | Noticed Sigmund
  1008 | D:2      | Reached XP level 4. HP: 26/28 MP: 4/4
  2184 | D:3      | Found Geplogal's Distillery.
  2261 | D:3      | Reached skill level 4 in Shapeshifting
  2261 | D:3      | Reached XP level 5. HP: 19/33 MP: 5/5
  2283 | D:3      | Found a glowing drain.
  2288 | Sewer    | Entered a sewer
  2443 | Sewer    | Noticed a crocodile
  2450 | Sewer    | Killed a crocodile
  2596 | D:3      | Reached skill level 5 in Shapeshifting
  2601 | D:3      | Reached XP level 6. HP: 34/38 MP: 6/6
  3889 | D:4      | Reached skill level 6 in Shapeshifting
  3986 | D:4      | Reached XP level 7. HP: 43/43 MP: 7/7
  4281 | D:4      | Found a runed translucent door.
  4282 | D:4      | Noticed Crazy Yiuf
  4513 | D:4      | Noticed Grinder
  5196 | D:5      | Entered Level 5 of the Dungeon
  5204 | D:5      | Found a radiant altar of Vehumet.
  5344 | D:5      | Found a staircase to the Ecumenical Temple.
  5377 | D:5      | Reached skill level 3 in Dodging
  5377 | D:5      | HP: 3/41 [gnoll sergeant/+0 spear (12)]
  5381 | D:5      | Slain by a gnoll sergeant

Vanquished Creatures
  A crocodile (Sewer)
  A phantom (D:4)
  A scorpion (D:4)
  A bombardier beetle (D:5)
  A jelly (D:5)
  A hound (D:4)
  An iguana (D:4)
  7 gnolls
  4 river rats (D:3)
  8 adders
  3 ribbon worms (D:3)
  6 dart slugs
  10 orcs
  4 ball pythons
  10 endoplasms
  3 giant cockroaches
  10 goblins
  4 hobgoblins
  8 jackals
  2 quokkas
  2 bats
  2 frilled lizards (D:1)
  8 kobolds
  4 rats
102 creatures vanquished.

Table legend: (Time is in decaauts)
 A = Elapsed time spent in this place.
 B = Non-inter-level travel time spent in this place.
 C = Inter-level travel time spent in this place.
 D = Time resting spent in this place.
 E = Time spent auto-exploring this place.
 F = Levels seen in this place.
 G = Mean time per level.
                   A        B        C        D        E       F      G
               +--------+--------+--------+--------+--------+-----+--------+
         Total |   5366 |   4150 |   1216 |    103 |   3054 |   6 |  894.3 |
       Dungeon |   5082 |   3866 |   1216 |     45 |   2925 |   5 | 1016.4 |
         Sewer |    283 |    283 |      0 |     58 |    129 |   1 |  283.0 |
               +--------+--------+--------+--------+--------+-----+--------+

Top non-repeatable levels by time:
     D:4: 1439 daAuts
     D:3: 1433 daAuts
     D:2: 1174 daAuts
     D:1: 851 daAuts
   Sewer: 283 daAuts
     D:5: 183 daAuts

Table legend:
 A = Non-vault XP
 B = Vault XP
 C = Vault XP percentage of total XP
 D = Non-vault monster count
 E = Vault monster count
 F = Vault count percentage of total count
                 A         B        C        D         E       F
            +---------+---------+-------+---------+---------+-------
      Total |     691 |     200 |  22.4 |      88 |      14 |  13.7
            +---------+---------+-------+---------+---------+-------
        D:1 |      56 |       0 |   0.0 |      22 |       0 |   0.0
        D:2 |      38 |       0 |   0.0 |      13 |       0 |   0.0
        D:3 |      92 |      77 |  45.6 |      22 |       9 |  29.0
        D:4 |     360 |       0 |   0.0 |      25 |       0 |   0.0
        D:5 |     145 |       0 |   0.0 |       6 |       0 |   0.0
      Sewer |       0 |     123 | 100.0 |       0 |       5 | 100.0
            +---------+---------+-------+---------+---------+-------
